AoeStats
← Maverick

Marketplace

505286678Analyzed
1v1 RM · 25d ago on Sep 8, 2026· 25m 33s· 2 players
Game mode
Random Map
Map size
Tiny (2 player)
Population
200
Speed
Normal
Resources
Standard
Victory
Conquest
Starting age
Dark Age
Ending age
Imperial Age
RankedLock teamsTeams togetherTeam positionsShared explorationLock speedFull tech treeHidden civsTurbo modeCheats
Victory
Defeat
🇨🇿 Persians · Czechia
1036
+17
🇮🇳 Teutons · India
1055
-17
Gnam
3:40 Loom
10:00 Feudal Age
21:36 Castle Age
21:26 Bloodlines
21:10 Double-Bit Axe
21:09 Horse Collar
Maverick
11:10 Feudal Age
16:56 Castle Age
16:10 Loom
19:38 Horse Collar
21:09 Double-Bit Axe
21:43 Scale Mail Armor
24:15 Wheelbarrow
23:44 Heavy Plow
23:38 Stone Mining
23:40 Gold Mining
24:23 Elite Skirmisher
24:56 Town Watch
Connection lost

Rejoining the realm…

Still unreachable

The connection could not be restored.

Session expired

The server has moved on; the page needs a fresh start.